 Dungeon Crawl Stone Soup version 0.26.1-2-gb8aa6d0cf2 (webtiles) character file.

Game seed: 8887189970026199248

366 Gadfly the Skirmisher (level 6, 0/38 HPs)
             Began as a Gargoyle Fighter on Feb 17, 2021.
             Slain by a gnoll
             ... wielding a +0 halberd
              (10 damage)
             ... on level 3 of the Dungeon.
             The game lasted 00:03:58 (3287 turns).

Gadfly the Skirmisher (Gargoyle Fighter)            Turns: 3287, Time: 00:03:59

Health: 0/38       AC: 11    Str: 20    XL:     6   Next: 68%
Magic:  8/8        EV:  7    Int:  9    God:
Gold:   51         SH: 10    Dex: 10    Spells: 5/5 levels left

rFire    . . .     SeeInvis .   a - +1 flail
rCold    . . .     Faith    .   c - +1 kite shield
rNeg     + . .     Spirit   .   b - +0 scale mail
rPois    ∞         Reflect  .   (no helmet)
rElec    +         Harm     .   (no cloak)
rCorr    .         Rampage  .   (no gloves)
Will     .....                  (no boots)
Stlth    ..........             f - amulet of the acrobat
HPRegen  0.12/turn              (no ring)
MPRegen  0.11/turn              (no ring)

@: no status effects
A: negative energy resistance 1, electricity resistance, unbreathing,
petrification resistance, miasma immunity, AC +4
a: no special abilities


You were on level 3 of the Dungeon.
You visited 1 branch of the dungeon, and saw 4 of its levels.

You collected 51 gold pieces.

Inventory:

Hand Weapons
 a - a +1 flail (weapon)
Armour
 b - a +0 scale mail (worn)
 c - a +1 kite shield (worn)
Jewellery
 f - an amulet of the acrobat (around neck)
 g - an uncursed amulet of faith
 i - a cursed -4 ring of strength {unknown}
Scrolls
 h - 2 scrolls of noise {unknown}
 k - 3 scrolls of remove curse
 m - 2 scrolls of teleportation
 p - 2 scrolls of identify
Potions
 d - a potion of might
 j - a potion of attraction
 l - 2 potions of flight
 n - a potion of berserk rage
 o - a potion of cancellation


   Skills:
 + Level 4.0 Fighting
 * Level 3.7 Maces & Flails
 + Level 3.9 Armour
 + Level 4.0 Shields
 * Level 3.3 Invocations
 * Level 2.4 Evocations


You had 5 spell levels left.
You didn't know any spells.
Your spell library was empty.

Dungeon Overview and Level Annotations

Branches:
Dungeon (4/15)
 Temple: D:4-7

Altars:
Dithmenos
Nemelex Xobeh


Innate Abilities, Weirdness & Mutations

You are resistant to torment.
Your stone body is resilient. (AC +4)
You are immune to poison.
You resist negative energy. (rN+)
You are resistant to electric shocks. (rElec)
You can survive without breathing.
You are immune to petrification.
You are immune to miasma.


Message History

You are too injured to fight recklessly!
You hit the gnoll.
The gnoll is moderately wounded.
The gnoll barely misses you. The gnoll hits you but does no damage.
You hit the gnoll but do no damage.
The gnoll is moderately wounded.
You block the gnoll's attack. x2
The gnoll hits you from afar with a +0 halberd!
* * * LOW HITPOINT WARNING * * *
You block the gnoll's attack.
An orc comes into view. It is wielding a +0 war axe.
The kobold throws a stone.
The stone completely misses you.
You see here a stone.
The orc shouts!
You block the orc's attack. The orc barely misses you.
There is a stone staircase leading up here.
You block the orc's attack.
The gnoll hits you from afar with a +0 halberd!
You die...

...#.. ####......# # ...#.
..........# # ...... ..........#
# g..#.# ####.#...## # #g##.#
#.#..## # #K##.####### #.#..# #
#.##.......# ##.#..# #
#.##.......#####.....############
#.##.####..#(##.@.........(......
#......gK...#.g.o..>......#######
###.#.##################### #####
#.#........ ... ..## #.#.####.##
#.####.## #.#.# #.#.⌠#.## #.#.#
#.#..#.## #.#.# ##.#+##.#'##.##
#.#.. .............##


You could see a gnoll and an orc.

Vanquished Creatures
  Sigmund (D:3)
  Terence (D:3)
  5 adders
  A gnoll (D:3)
  5 oozes
  6 worms
  3 dart slugs
  7 bats
  7 giant cockroaches
  6 goblins
  4 hobgoblins
  11 jackals
  9 kobolds
  A quokka (D:3)
  9 rats
76 creatures vanquished.

Notes
Turn   | Place    | Note
-------+----------+-------------------------------------------
     0 | D:1      | Gadfly the Gargoyle Fighter began the quest for the Orb.
     0 | D:1      | Reached XP level 1. HP: 14/14 MP: 1/1
    63 | D:1      | Reached XP level 2. HP: 15/19 MP: 2/2
   268 | D:1      | Reached skill level 1 in Invocations
   581 | D:1      | Reached XP level 3. HP: 23/23 MP: 3/3
   633 | D:1      | Found a sparkling altar of Nemelex Xobeh.
   714 | D:1      | Reached skill level 1 in Evocations
  1136 | D:2      | Reached XP level 4. HP: 28/28 MP: 5/5
  1311 | D:2      | Found a shadowy altar of Dithmenos.
  2375 | D:3      | Reached XP level 5. HP: 27/33 MP: 6/6
  2684 | D:3      | Noticed Sigmund
  2898 | D:3      | Killed Sigmund
  2899 | D:3      | Reached XP level 6. HP: 13/38 MP: 6/8
  3160 | D:3      | Noticed Terence
  3173 | D:3      | Killed Terence
  3287 | D:3      | Slain by a gnoll

Illustrated notes

Levels and vault maps discovered:
D:1:      scummos_arrival_simple_crosswalls, layout_basic,
          nemelex_xobeh_ov_fountains_minmay
D:2:      minmay_inner_zag, layout_loops_corners, lemuel_doored_altar
D:3:      minmay_door_path, layout_loops_ring, serial_bayou_pond_d,
          uniq_terence, uniq_sigmund
D:4:      layout_basic

Skill      XL: |  1  2  3  4  5  6 |
---------------+-------------------+-----
Invocations    | 1 2 3 |  3.3
Evocations     | 1 2 |  2.4
Maces & Flails | 3 |  3.7
Fighting       | 4 |  4.0
Shields        | 4 |  4.0
Armour         | |  3.9

Action                   |  1- 3 |  4- 6 || total
-------------------------+-------+-------++-------
Melee: Flail             |   125 |   191 ||   316
  Use: Scroll            |     5 |     4 ||     9
       Potion            |       |     6 ||     6
Armor: Scale mail        |    69 |    91 ||   160
       Skin              |       |     3 ||     3
Dodge: Dodged            |    43 |    58 ||   101
Block: Kite shield       |    71 |   104 ||   175
